 Dungeon Crawl Stone Soup version 0.18-a0-1637-g109f206 (webtiles) character file.

68 Chiseanne the Magician (level 4, 32/32 HPs)
             Began as a Demonspawn Wizard on Mar 26, 2016.
             Quit the game on level 2 of the Dungeon.
             The game lasted 00:05:17 (2672 turns).

Chiseanne the Magician (Demonspawn Wizard)          Turns: 2672, Time: 00:05:18

Health: 32/32      AC:  2    Str:  7    XL:     4   Next: 1%
Magic:  6/9        EV: 12    Int: 20    God:
Gold:   108        SH:  0    Dex: 12    Spells: 3 memorised, 5 levels left

rFire  . . .     SeeInvis .     m - +0 short sword
rCold  . . .     Gourm    .     a - +0 robe
rNeg   . . .     Faith    .     (no shield)
rPois  .         Spirit   .     b - +0 hat
rElec  .         Dismiss  .     (no cloak)
rCorr  .         Reflect  .     (no gloves)
SustAt .         Harm     .     (no boots)
MR     .....                    (no amulet)
Stlth  ++........               (no ring)
                                (no ring)

@: repel missiles, not resistant to hostile enchantments, unstealthy
A: horns 1, rot immunity
a: no special abilities


You were on level 2 of the Dungeon.
You were not hungry.

You visited 1 branch of the dungeon, and saw 3 of its levels.

You collected 108 gold pieces.

Inventory:

Hand Weapons
 m - a +0 short sword (weapon)
Missiles
 i - 16 poisoned needles
 j - 28 arrows
 p - 45 bolts
Armour
 a - a +0 robe (worn)
 b - a +0 hat (worn)
 o - a +0 ring mail of poison resistance
Potions
 e - a potion of brilliance
 k - a potion of curing {unknown}
Books
 c - a book of Minor Magic

   Spells                             Type                      Level
   a - Magic Dart                     Conjuration                  1
   b - Blink                          Translocation                2
   c - Call Imp                       Summoning                    2
   d - Repel Missiles                 Charms/Air                   2
   e - Slow                           Hexes                        2
   f - Conjure Flame                  Conjuration/Fire             3
   g - Mephitic Cloud                 Conjuration/Poison/Air       3
Comestibles
 d - 2 bread rations
 f - 3 chunks of flesh
 h - a meat ration
 r - a slice of pizza


   Skills:
 - Level 1.0 Fighting
 + Level 2.4 Dodging
 - Level 1.7 Stealth
 * Level 3.6 Spellcasting
 * Level 2.1 Conjurations
   Level 1.0 Summonings
 - Level 0.8 Translocations


You had 5 spell levels left.
You knew the following spells:

 Your Spells              Type           Power        Failure   Level  Hunger
a - Magic Dart            Conj           ##..         6%          1    None
b - Repel Missiles        Chrm/Air       #.....       24%         2    ##.....
c - Blink                 Tloc           N/A          17%         2    ##.....


Dungeon Overview and Level Annotations

Branches:
Dungeon (3/15)

Altars:


Innate Abilities, Weirdness & Mutations

You have a pair of small horns on your head.
You are immune to rotting.


Message History

Confirm with . or Enter, or press ? or * to list all spells.
Aiming: Magic Dart
Press: ? - help, Shift-Dir - straight line, f - goblin
Aim: a goblin, wielding a dagger (resting)
The magic dart hits the goblin.
The goblin is severely wounded.
The goblin shouts!
Casting: Magic Dart
Confirm with . or Enter, or press ? or * to list all spells.
Aiming: Magic Dart
Press: ? - help, Shift-Dir - straight line, f/p - goblin
Aim: a goblin, wielding a dagger (severely wounded)
The magic dart hits the goblin.
You kill the goblin!
You have reached level 4!
You feel agile.
Your demonic ancestry asserts itself...
A pair of horns grows on your head!
Things that are here:
a dagger; a goblin corpse Are you sure you want to abandon this character and quit the game? (Confirm with "yes".)

.# .# .# ##
# #####
############
....#
#..........#
###.#
#.########.#
#.# #.# #@#
#.# #.# #.#
#.###.# ..#
#.....# ####
#######


There were no monsters in sight!

Vanquished Creatures
  2 adders (D:2)
  2 worms (D:2)
  3 dart slugs
  A giant gecko (D:1)
  3 giant cockroaches (D:1)
  2 goblins
  4 hobgoblins
  3 jackals (D:2)
  8 kobolds
  2 ball pythons
  5 bats
  2 giant newts (D:1)
  2 rats
39 creatures vanquished.

Notes
Turn   | Place    | Note
--------------------------------------------------------------
     0 | D:1      | Chiseanne the Demonspawn Wizard began the quest for the Orb.
     0 | D:1      | Reached XP level 1. HP: 13/13 MP: 4/4
   527 | D:1      | Gained mutation: You are immune to rotting. [demonic ancestry]
   527 | D:1      | Reached XP level 2. HP: 19/19 MP: 0/6
   591 | D:1      | Learned a level 2 spell: Repel Missiles
   595 | D:1      | Learned a level 2 spell: Blink
  1484 | D:2      | Reached XP level 3. HP: 20/25 MP: 0/7
  1703 | D:2      | Reached skill level 1 in Fighting
  2669 | D:2      | Gained mutation: You have a pair of small horns on your head. [demonic ancestry]
  2669 | D:2      | Reached XP level 4. HP: 32/32 MP: 6/9
  2672 | D:2      | Quit the game

Vault maps used:
D:1:      tarquinn_simple_flora_water_e, minmay_bisected
D:3:      grunt_dithmenos_smoke_and_mirrors, makhleb_grotto_becter

Skill      XL: |  1  2  3 |
---------------+----------+-----
Dodging        | 2 |  2.4
Fighting       | 1 |  1.0
Conjurations   | 2 |  2.1
Stealth        | |  1.7
Spellcasting   | |  3.6
Summonings     | |  1.0
Translocations | |  0.8

Action                   |  1- 3 |  4- 6 || total
-------------------------+-------+-------++-------
Melee: Unarmed           |     5 |       ||     5
       Short sword       |    48 |       ||    48
 Cast: Magic Dart        |   113 |     1 ||   114
       Repel Missiles    |     1 |       ||     1
  Use: Scroll            |     4 |       ||     4
  Eat: Chunk             |     5 |       ||     5
